PCL
SPOKANE TRAPPERS @ VANCOUVER VIPERS
07/25/2029
 
TOP OF THE 1ST
Spokane Trappers batting - Pitching for Vancouver Vipers : LHP Luis Perea
Pitching: LHP Luis Perea
Batting: RHB José Aguilera 0-0: Ball
1-0: Ball
2-0: Foul Ball, location: 2F
2-1: Foul Ball, location: 2F
2-2: SINGLE (Line Drive, 89S)
Batting: RHB Carlos García 0-0: Called Strike
0-1: 2-RUN HOME RUN (Flyball, 7D), Distance : 367 ft
Batting: RHB José Herrera 0-0: Ball
1-0: Called Strike
1-1: SINGLE (Groundball, 56D)
Batting: SHB Mark Wells 0-0: Called Strike
0-1: Swinging Strike
0-2: Ground out 4-3 (Groundball, 4M)
José Herrera to second
Batting: RHB Alberto Velásquez 0-0: Ball
1-0: DOUBLE (Line Drive, 8RXD)
José Herrera scores
Batting: RHB Danny Crouch 0-0: Ball
1-0: Ball
2-0: Swinging Strike
2-1: Called Strike
2-2: Strikes out swinging
Batting: RHB Trent Rasmussen 0-0: SINGLE (Groundball, 34D)
Alberto Velásquez to third
Runner from 3rd tries for Home, SAFE, no throw
Batting: SHB Chris Bennis 0-0: Ball
1-0: Fielders Choice at 2nd, 6-4 (Groundball, 56)
Top of the 1st over - 4 runs, 5 hits, 0 errors, 1 left on base; Spokane 4 - Vancouver 0
BOTTOM OF THE 1ST
Vancouver Vipers batting - Pitching for Spokane Trappers : RHP Marty Bradford
Pitching: RHP Marty Bradford
Batting: RHB Bob Magee 0-0: Ball
1-0: SINGLE (Groundball, 6MS) (infield hit)
Batting: RHB Jesús Lara 0-0: Called Strike
0-1: Ball
1-1: Ball
2-1: Foul Ball, location: 2F
2-2: Ball
3-2: Ground out 5-3 (Groundball, 56S)
Bob Magee to second
Batting: LHB Stan Bates 0-0: Foul Ball, location: 2F
0-1: Called Strike
0-2: Ball
1-2: SINGLE (Groundball, 34D)
Bob Magee to third
Runner from 3rd tries for Home, SAFE, no throw
Batting: LHB Randy Wiggins 0-0: Foul Ball, location: 2F
0-1: Foul Ball, location: 2F
0-2: Fly out, F7 (Flyball, 7LSF)
Batting: RHB Marvin Workman 0-0: Called Strike
0-1: Called Strike
0-2: Ground out 1-3 (Groundball, 13S)
Bottom of the 1st over - 1 run, 2 hits, 0 errors, 1 left on base; Spokane 4 - Vancouver 1
TOP OF THE 2ND
Spokane Trappers batting - Pitching for Vancouver Vipers : LHP Luis Perea
Batting: LHB Tommy Evans 0-0: Ball
1-0: Called Strike
1-1: Ball
2-1: Ground out 1-3 (Groundball, 15S)
Batting: RHB José Aguilera 0-0: Ball
1-0: Foul Ball, location: 2F
1-1: Called Strike
1-2: SINGLE (Groundball, 4MD)
Batting: RHB Carlos García 0-0: Ball
1-0: Fly out, F4 (Line Drive, 4D)
Batting: RHB José Herrera 0-0: Ball
1-0: Ball
2-0: Called Strike
2-1: SINGLE (Groundball, 6MD)
José Aguilera to second
Batting: SHB Mark Wells 0-0: Fielders Choice at 2nd, 6-4 (Groundball, 6)
Top of the 2nd over - 0 runs, 2 hits, 0 errors, 2 left on base; Spokane 4 - Vancouver 1
BOTTOM OF THE 2ND
Vancouver Vipers batting - Pitching for Spokane Trappers : RHP Marty Bradford
Batting: RHB Ryan Parrish 0-0: Ball
1-0: Called Strike
1-1: Foul Ball, location: 2F
1-2: Ball
2-2: Fly out, F9 (Flyball, 9)
Batting: RHB Cooper Richard 0-0: Ball
1-0: Called Strike
1-1: Swinging Strike
1-2: Fly out, F8 (Flyball, 89S)
Batting: LHB Jorge Martínez 0-0: SINGLE (Groundball, 4MD)
Batting: RHB Clarence Harrison 0-0: Foul Ball, location: 2F
0-1: Called Strike
0-2: Ball
1-2: Fielders Choice at 2nd, 5-4 (Groundball, 56)
Bottom of the 2nd over - 0 runs, 1 hit, 0 errors, 1 left on base; Spokane 4 - Vancouver 1
TOP OF THE 3RD
Spokane Trappers batting - Pitching for Vancouver Vipers : LHP Luis Perea
Batting: RHB Alberto Velásquez 0-0: Called Strike
0-1: Ball
1-1: Fly out, F9 (Flyball, 9LS)
Batting: RHB Danny Crouch 0-0: Foul Ball, location: 2F
0-1: SINGLE (Groundball, 6MD)
Batting: RHB Trent Rasmussen 0-0: Ball
Wild Pitch!
Danny Crouch to second
1-0: Foul Ball, location: 2F
1-1: Foul Ball, location: 2F
1-2: SINGLE (Groundball, 6MD)
Danny Crouch to third
Batting: SHB Chris Bennis 0-0: Ball
1-0: Ball
2-0: Ball
3-0: Foul Ball, location: 2F
3-1: Foul Ball, location: 2F
3-2: Strikes out looking
Batting: LHB Tommy Evans 0-0: Ball
1-0: Called Strike
1-1: Ball
2-1: Ball
3-1: Fielders Choice at 2nd, 6-4 (Groundball, 6)
Top of the 3rd over - 0 runs, 2 hits, 0 errors, 2 left on base; Spokane 4 - Vancouver 1
BOTTOM OF THE 3RD
Vancouver Vipers batting - Pitching for Spokane Trappers : RHP Marty Bradford
Batting: RHB Bob Magee 0-0: Ground out 4-3 (Groundball, 4S)
Batting: RHB Jesús Lara 0-0: Ball
1-0: Foul Ball, location: 2F
1-1: Foul Ball, location: 2F
1-2: Ball
2-2: Foul Ball, location: 2F
2-2: Ground out 1-3 (Groundball, 13S)
Batting: LHB Stan Bates 0-0: SINGLE (Flyball, 8LS)
Batting: LHB Randy Wiggins 0-0: Ground out 4-3 (Groundball, 4MS)
Bottom of the 3rd over - 0 runs, 1 hit, 0 errors, 1 left on base; Spokane 4 - Vancouver 1
TOP OF THE 4TH
Spokane Trappers batting - Pitching for Vancouver Vipers : LHP Luis Perea
Batting: RHB José Aguilera 0-0: Ball
1-0: Ground out 6-3 (Groundball, 6)
Batting: RHB Carlos García 0-0: Ball
1-0: Ball
2-0: Swinging Strike
2-1: TRIPLE (Flyball, 78XD)
Batting: RHB José Herrera 0-0: Swinging Strike
0-1: Swinging Strike
0-2: Foul Ball, location: 2F
0-2: Ball
1-2: Foul Ball, location: 2F
1-2: Strikes out swinging
Batting: SHB Mark Wells 0-0: Foul Ball, location: 2F
0-1: Foul Ball, location: 2F
0-2: Strikes out swinging
Top of the 4th over - 0 runs, 1 hit, 0 errors, 1 left on base; Spokane 4 - Vancouver 1
BOTTOM OF THE 4TH
Vancouver Vipers batting - Pitching for Spokane Trappers : RHP Marty Bradford
Batting: RHB Marvin Workman 0-0: Ball
1-0: Called Strike
1-1: Foul Ball, location: 2F
1-2: DOUBLE (Line Drive, 9)
Batting: RHB Ryan Parrish 0-0: Ball
1-0: Ball
2-0: Called Strike
2-1: Foul Ball, location: 2F
2-2: Foul Ball, location: 2F
2-2: Strikes out swinging
Batting: RHB Cooper Richard 0-0: Foul Ball, location: 2F
0-1: Ball
1-1: Ball
2-1: Fly out, F9 (Flyball, 9LSF)
Batting: LHB Jorge Martínez 0-0: Called Strike
0-1: Foul Ball, location: 2F
0-2: Foul Ball, location: 2F
0-2: Ball
1-2: Ground out 6-3 (Groundball, 6MD)
Bottom of the 4th over - 0 runs, 1 hit, 0 errors, 1 left on base; Spokane 4 - Vancouver 1
TOP OF THE 5TH
Spokane Trappers batting - Pitching for Vancouver Vipers : LHP Luis Perea
Batting: RHB Alberto Velásquez 0-0: Foul Ball, location: 2F
0-1: Called Strike
0-2: Strikes out swinging
Batting: RHB Danny Crouch 0-0: Foul Ball, location: 2F
0-1: Ball
1-1: Ball
2-1: Ball
3-1: Called Strike
3-2: Base on Balls
Batting: RHB Trent Rasmussen 0-0: Ball
1-0: Foul Ball, location: 2F
1-1: SINGLE (Line Drive, 89M)
Danny Crouch to second
Batting: SHB Chris Bennis 0-0: Foul Ball, location: 2F
0-1: Swinging Strike
0-2: Foul Ball, location: 2F
0-2: Ball
1-2: SINGLE (Flyball, 8LS)
Danny Crouch to third
Trent Rasmussen to second
Batting: LHB Tommy Evans 0-0: Called Strike
0-1: Called Strike
0-2: Ball
1-2: Foul Ball, location: 2F
1-2: Strikes out swinging
Batting: RHB José Aguilera 0-0: Foul Ball, location: 2F
0-1: DOUBLE (Line Drive, 89XD)
Danny Crouch scores
Trent Rasmussen scores
Chris Bennis to third
Runner from 3rd tries for Home, SAFE, throw made at trailing runner, OUT at third!
Top of the 5th over - 3 runs, 3 hits, 0 errors, 0 left on base; Spokane 7 - Vancouver 1
BOTTOM OF THE 5TH
Vancouver Vipers batting - Pitching for Spokane Trappers : RHP Marty Bradford
Batting: RHB Clarence Harrison 0-0: Foul Ball, location: 2F
0-1: Called Strike
0-2: Fly out, F7 (Flyball, 78M)
Batting: RHB Bob Magee 0-0: Ball
1-0: Swinging Strike
1-1: Foul Ball, location: 2F
1-2: Ball
2-2: Foul Ball, location: 2F
2-2: Fly out, F4 (Popup, 4D)
Batting: RHB Jesús Lara 0-0: Ball
1-0: Called Strike
1-1: Fly out, F9 (Flyball, 9S)
Bottom of the 5th over - 0 runs, 0 hits, 0 errors, 0 left on base; Spokane 7 - Vancouver 1
TOP OF THE 6TH
Spokane Trappers batting - Pitching for Vancouver Vipers : LHP Luis Perea
Pitching: RHP Sergio Chávez
Batting: RHB Carlos García 0-0: Ball
1-0: Swinging Strike
1-1: Foul Ball, location: 2F
1-2: Ball
2-2: SINGLE (Groundball, 6) (infield hit)
Batting: RHB José Herrera 0-0: Ball
1-0: Ball
Wild Pitch!
Carlos García to second
2-0: Ball
3-0: Called Strike
3-1: Base on Balls
Batting: SHB Mark Wells 0-0: Called Strike
0-1: Swinging Strike
0-2: Strikes out looking
Batting: RHB Alberto Velásquez 0-0: Swinging Strike
0-1: Foul Ball, location: 2F
0-2: Ball
1-2: Ball
2-2: Strikes out swinging
Batting: RHB Danny Crouch 0-0: Ball
1-0: Called Strike
1-1: Ball
2-1: Fly out, F7 (Flyball, 7)
Top of the 6th over - 0 runs, 1 hit, 0 errors, 2 left on base; Spokane 7 - Vancouver 1
BOTTOM OF THE 6TH
Vancouver Vipers batting - Pitching for Spokane Trappers : RHP Marty Bradford
Batting: LHB Stan Bates 0-0: Ball
1-0: Called Strike
1-1: Ball
2-1: Swinging Strike
2-2: Ball
3-2: Base on Balls
Batting: LHB Randy Wiggins 0-0: Fielders Choice at 2nd, 6-4 (Groundball, 6)
Pitching: RHP Ching-wei Zi
Batting: RHB Marvin Workman 0-0: Called Strike
Randy Wiggins is caught stealing 2nd base
0-1: Ground out 6-3 (Groundball, 6)
Bottom of the 6th over - 0 runs, 0 hits, 0 errors, 0 left on base; Spokane 7 - Vancouver 1
TOP OF THE 7TH
Spokane Trappers batting - Pitching for Vancouver Vipers : RHP Sergio Chávez
Batting: RHB Trent Rasmussen 0-0: Ball
1-0: Ball
2-0: Called Strike
2-1: Foul Ball, location: 2F
2-2: Ball
3-2: Base on Balls
Batting: SHB Chris Bennis 0-0: Called Strike
0-1: Ball
1-1: Ball
2-1: Ball
3-1: Base on Balls
Trent Rasmussen to second
Batting: LHB Tommy Evans 0-0: Called Strike
0-1: Ball
1-1: Swinging Strike
1-2: Foul Ball, location: 2F
1-2: Ball
2-2: Ball
3-2: Base on Balls
Trent Rasmussen to third
Chris Bennis to second
Batting: RHB José Aguilera 0-0: Foul Ball, location: 2F
0-1: Foul Ball, location: 2F
0-2: Ball
1-2: Foul Ball, location: 2F
1-2: Ball
2-2: Foul Ball, location: 2F
2-2: Ball
3-2: Ground out 4-3 (Groundball, 4S)
Trent Rasmussen scores
Chris Bennis to third
Tommy Evans to second
Batting: RHB Carlos García 0-0: Fly out, F8 (Flyball, 8LD)
Runner from 3rd tags up, OUT at HOME
Top of the 7th over - 1 run, 0 hits, 0 errors, 1 left on base; Spokane 8 - Vancouver 1
BOTTOM OF THE 7TH
Vancouver Vipers batting - Pitching for Spokane Trappers : RHP Ching-wei Zi
Batting: RHB Ryan Parrish 0-0: Foul Ball, location: 2F
0-1: Swinging Strike
0-2: Fly out, F9 (Flyball, 89M)
Batting: RHB Cooper Richard 0-0: Called Strike
0-1: Ball
1-1: Fly out, F3 (Popup, 3F)
Batting: LHB Jorge Martínez 0-0: Ball
1-0: Called Strike
1-1: Foul Ball, location: 2F
1-2: Ball
2-2: Fly out, F8 (Flyball, 8RM)
Bottom of the 7th over - 0 runs, 0 hits, 0 errors, 0 left on base; Spokane 8 - Vancouver 1
TOP OF THE 8TH
Spokane Trappers batting - Pitching for Vancouver Vipers : RHP Sergio Chávez
Batting: RHB José Herrera 0-0: Ball
1-0: Ball
2-0: Called Strike
2-1: Swinging Strike
2-2: Ball
3-2: Fly out, F7 (Flyball, 78D)
Batting: SHB Mark Wells 0-0: Ball
1-0: SINGLE (Groundball, 34D)
Pitching: RHP José González
Batting: RHB Alberto Velásquez 0-0: Called Strike
0-1: Ball
1-1: Ball
2-1: Foul Ball, location: 2F
2-2: Foul Ball, location: 2F
2-2: DOUBLE (Line Drive, 3D)
Mark Wells to third
Batting: RHB Danny Crouch 0-0: DOUBLE (Line Drive, 78D)
Mark Wells scores
Alberto Velásquez scores
Batting: RHB Trent Rasmussen 0-0: Called Strike
0-1: Swinging Strike
0-2: Strikes out looking
Batting: SHB Chris Bennis 0-0: Ball
1-0: Ball
2-0: Foul Ball, location: 2F
2-1: Foul Ball, location: 2F
2-2: Ball
3-2: Foul Ball, location: 2F
3-2: Base on Balls
Batting: LHB Tommy Evans 0-0: DOUBLE (Flyball, 8RXD)
Danny Crouch scores
Chris Bennis to third
Runner from 3rd tries for Home, SAFE, no throw
Batting: RHB José Aguilera 0-0: Foul Ball, location: 2F
0-1: Ball
1-1: Called Strike
1-2: Ball
2-2: Foul Ball, location: 2F
2-2: Foul Ball, location: 2F
2-2: Ball
3-2: SINGLE (Line Drive, 4M)
Tommy Evans to third
Tommy Evans scores
Batting: RHB Carlos García 0-0: Ball
1-0: Foul Ball, location: 2F
1-1: Swinging Strike
1-2: Ground out U3 (Groundball, 34S)
Top of the 8th over - 5 runs, 5 hits, 0 errors, 1 left on base; Spokane 13 - Vancouver 1
BOTTOM OF THE 8TH
Vancouver Vipers batting - Pitching for Spokane Trappers : RHP Ching-wei Zi
Now at 1B: John Cotton
Batting: RHB Clarence Harrison 0-0: Ball
1-0: Fly out, F8 (Line Drive, 8LD)
Batting: RHB Bob Magee 0-0: Foul Ball, location: 2F
0-1: Ball
1-1: Foul Ball, location: 2F
1-2: Ball
2-2: Strikes out swinging
Batting: RHB Jesús Lara 0-0: Called Strike
0-1: Fly out, F7 (Flyball, 7LMF)
Bottom of the 8th over - 0 runs, 0 hits, 0 errors, 0 left on base; Spokane 13 - Vancouver 1
TOP OF THE 9TH
Spokane Trappers batting - Pitching for Vancouver Vipers : RHP José González
Batting: RHB José Herrera 0-0: DOUBLE (Flyball, 89XD)
Batting: SHB Mark Wells 0-0: Called Strike
0-1: Ball
1-1: Foul Ball, location: 2F
1-2: Strikes out swinging
Batting: RHB Alberto Velásquez 0-0: Ball
1-0: 2-RUN HOME RUN (Flyball, 7D), Distance : 367 ft
Batting: RHB Danny Crouch 0-0: DOUBLE (Line Drive, 89D)
Batting: RHB Trent Rasmussen 0-0: Ball
1-0: Ball
2-0: DOUBLE (Line Drive, 9LM)
Danny Crouch scores
Batting: LHB John Cotton 0-0: Called Strike
0-1: Ground out 6-3 (Groundball, 6M)
Trent Rasmussen to third
Pinch Hitting: LHB Willie Wallace 0-0: Called Strike
0-1: Swinging Strike
0-2: Strikes out swinging
Top of the 9th over - 3 runs, 4 hits, 0 errors, 1 left on base; Spokane 16 - Vancouver 1
BOTTOM OF THE 9TH
Vancouver Vipers batting - Pitching for Spokane Trappers : RHP Ching-wei Zi
Now at C: António Martínez
Now at 1B: Willie Wallace
Batting: LHB Stan Bates 0-0: Ball
1-0: Ball
2-0: Ball
3-0: Base on Balls
Batting: LHB Randy Wiggins 0-0: Grounds into double play, 4-6-3 (Groundball, 4)
Batting: RHB Marvin Workman 0-0: Ball
1-0: Foul Ball, location: 2F
1-1: Fly out, F8 (Flyball, 8LD)
Bottom of the 9th over - 0 runs, 0 hits, 0 errors, 0 left on base; Spokane 16 - Vancouver 1
Saturday, December 16th, 2017 - OOTP Baseball 18.8 Build 76